 Dungeon Crawl Stone Soup version 0.22-a0-268-g1cc83ef (webtiles) character file.

1040 nikopol the Magician (level 8, -2/43 HPs)
             Began as a Deep Elf Fire Elementalist on Mar 9, 2018.
             Was a Believer of Sif Muna.
             Shot with an arrow by a centaur (13 damage)
             ... on level 6 of the Dungeon.
             The game lasted 00:19:13 (4762 turns).

nikopol the Magician (Deep Elf Fire Elementalist)   Turns: 4762, Time: 00:19:13

Health: -2/43      AC:  3    Str:  5    XL:     8   Next: 4%
Magic:  10/21      EV: 13    Int: 23    God:    Sif Muna [**....]
Gold:   287        SH:  0    Dex: 15    Spells: 7/22 levels left

rFire    . . .     SeeInvis .   n - +0 dagger (venom)
rCold    . . .     Gourm    .   (no shield)
rNeg     . . .     Faith    .   a - +1 robe
rPois    .         Spirit   .   (no helmet)
rElec    .         Reflect  .   (no cloak)
rCorr    .         Harm     .   (no gloves)
MR       .....                  (no boots)
Stlth    +++.......             (no amulet)
HPRegen  0.14/turn              f - +3 ring of slaying
MPRegen  0.17/turn              x - ring of flight

@: no status effects
A: no striking features
a: Divine Energy, Renounce Religion, Evoke Flight


You were on level 6 of the Dungeon.
You worshipped Sif Muna.
Sif Muna was pleased with you.
You were hungry.

You visited 1 branch of the dungeon, and saw 6 of its levels.

You collected 287 gold pieces.

Inventory:

Hand Weapons
 n - a +0 dagger of venom (weapon)
Armour
 a - a +1 robe (worn)
Jewellery
 f - a +3 ring of slaying (left hand)
 x - a ring of flight (right hand)
Wands
 z - a wand of polymorph (18)
Scrolls
 g - a scroll of remove curse
 k - 3 scrolls of teleportation
 l - 3 scrolls of identify
 s - 2 scrolls of fog
Potions
 b - 3 potions of curing
 d - 2 potions of invisibility {unknown}
 e - a potion of brilliance {unknown}
 h - 2 potions of haste {unknown}
 i - 3 potions of lignification {unknown}
 j - 2 potions of might {unknown}
 o - 3 potions of mutation {unknown}
 p - a potion of magic {unknown}
 q - 2 potions of resistance {unknown}
 r - a potion of flight {unknown}
 v - a potion of ambrosia {unknown}
 w - a potion of agility {unknown}
Comestibles
 c - 12 rations
 m - 5 chunks of flesh


   Skills:
 + Level 1.0 Fighting
 + Level 3.2 Dodging
 + Level 3.6 Stealth
 + Level 7.9 Spellcasting
 + Level 5.0 Conjurations
 + Level 6.2 Fire Magic


You had 7 spell levels left.
You knew the following spells:

 Your Spells              Type           Power        Failure   Level  Hunger
a - Flame Tongue          Conj/Fire      #####        1%          1    None
b - Throw Flame           Conj/Fire      #####.       1%          2    None
c - Conjure Flame         Conj/Fire      #####...     1%          3    None
d - Sticky Flame          Conj/Fire      #####...     7%          4    ###....
e - Fireball              Conj/Fire      #####.....   19%         5    #####..


Dungeon Overview and Level Annotations

Branches:
Dungeon (6/15)             Temple (0/1) D:5

Altars:
Sif Muna

Annotations:
D:6 nikopol's ghost, novice DEFE


Message History

The centaur shouts!
The centaur wields a shortbow.
The centaur shoots an arrow.
The arrow hits you!
You see here an arrow.
The centaur shoots an arrow.
The arrow hits you.
The centaur shoots an arrow.
The arrow hits you!
* * * LOW HITPOINT WARNING * * *
You see here an arrow.
The centaur shoots an arrow.
The arrow misses you.
You see here an arrow.
You start resting.
Casting: Flame Tongue (safe; 1% risk of failure)
Confirm with . or Enter, or press ? or * to list all spells.
Aiming: Fireball (quite dangerous; 19% risk of failure)
Press: ? - help, Shift-Dir - straight line, f - centaur
Aim: a centaur, wielding a shortbow The fireball explodes!
The fireball engulfs the centaur.
The centaur is moderately wounded.
You are feeling hungry.
The centaur shoots an arrow.
The arrow hits you!
You die...

... #.## #.. #...
#.. #..# #.##
######..# #..##
#.......## #...#
#........# #.<#
#......(.#####..#
#...!..((.@.....#
#.......c#####..#
#.......... )....#
#.#...............#
.......#..........#
..................#
#.####......c......
#. #.#..........##


You could see a centaur.

Vanquished Creatures
  A phantom (D:2)
  2 ogres (D:5)
  A centaur (D:5)
  A bullfrog skeleton (D:4)
  2 hounds (D:4)
  A centaur skeleton (D:5)
  An orc priest (D:3)
  Jessica (D:3)
  An iguana (D:4)
  2 orc wizards
  Natasha (twice) (D:3)
  9 worker ants
  3 gnolls (D:4)
  3 adders
  A shadow imp (D:5)
  2 adder skeletons (D:4)
  3 worms
  A dart slug (D:3)
  8 leopard geckos
  3 orcs
  4 bats
  7 giant cockroaches
  11 goblins
  10 hobgoblins
  7 quokkas
  7 frilled lizards
  A jackal skeleton (D:5)
  7 kobolds
  A leopard gecko zombie (D:6)
  A quokka skeleton (D:3)
  10 rats
114 creatures vanquished.

Notes
Turn   | Place    | Note
-------+----------+-------------------------------------------
     0 | D:1      | nikopol the Deep Elf Fire Elementalist began the quest for the Orb.
     0 | D:1      | Reached XP level 1. HP: 10/10 MP: 6/6
   246 | D:1      | Reached XP level 2. HP: 15/15 MP: 5/8
   854 | D:2      | Reached XP level 3. HP: 19/19 MP: 4/9
  1301 | D:2      | Found a deep blue altar of Sif Muna.
  1309 | D:2      | Became a worshipper of Sif Muna the Loreminder
  1400 | D:2      | Noticed a phantom
  1419 | D:2      | Killed a phantom
  1419 | D:2      | Reached skill level 4 in Spellcasting
  1419 | D:2      | Reached XP level 4. HP: 24/24 MP: 0/12
  1423 | D:2      | Learned a level 2 spell: Throw Flame
  1427 | D:2      | Learned a level 3 spell: Conjure Flame
  1432 | D:2      | Learned a level 4 spell: Sticky Flame
  1600 | D:3      | Noticed Jessica
  1611 | D:3      | Killed Jessica
  1611 | D:3      | Reached skill level 5 in Spellcasting
  1611 | D:3      | Reached XP level 5. HP: 28/28 MP: 10/14
  2122 | D:3      | Found a faded altar of an unknown god.
  2129 | D:3      | Noticed Natasha
  2136 | D:3      | Killed Natasha
  2136 | D:3      | Reached * piety under Sif Muna
  2308 | D:3      | Noticed Natasha
  2312 | D:3      | Killed Natasha
  2312 | D:3      | Reached skill level 5 in Fire Magic
  2312 | D:3      | Reached XP level 6. HP: 24/32 MP: 12/16
  2319 | D:3      | Learned a level 5 spell: Fireball
  2628 | D:4      | Reached skill level 6 in Spellcasting
  3202 | D:4      | Reached XP level 7. HP: 36/36 MP: 6/18
  3520 | D:5      | Entered Level 5 of the Dungeon
  4069 | D:5      | Reached skill level 7 in Spellcasting
  4212 | D:5      | Reached ** piety under Sif Muna
  4212 | D:5      | Reached skill level 1 in Fighting
  4372 | D:5      | Found a staircase to the Ecumenical Temple.
  4385 | D:5      | Reached skill level 5 in Conjurations
  4545 | D:5      | Reached XP level 8. HP: 43/43 MP: 16/21
  4703 | D:6      | Noticed nikopol's ghost (novice DEFE)
  4762 | D:6      | Shot with an arrow by a centaur

Vault maps used:
D:1:      minmay_arrival_nine_rooms
D:2:      led_sif_pool, first_ration
D:3:      chequers_ecumenical_altar_simple_redux, uniq_natasha, uniq_jessica
D:5:      nicolae_overflow_hidden_temple, temple_statues
D:6:      basic_altar, lightli_ossuary_entry_decrepit_ruins, st_stairs_1,
          uniq_duvessa, uniq_prince_ribbit1

Skill      XL: |  1  2  3  4  5  6  7 |
---------------+----------------------+-----
Fire Magic     | 4 5 6 |  6.2
Spellcasting   | 4 5 6 7 |  7.9
Conjurations   | 2 3 4 5 |  5.0
Dodging        | 3 |  3.2
Stealth        | 3 |  3.6
Fighting       | 1 |  1.0

Action                   |  1- 3 |  4- 6 |  7- 9 || total
-------------------------+-------+-------+-------++-------
 Cast: Flame Tongue      |    84 |    97 |    62 ||   243
       Throw Flame       |       |     4 |     7 ||    11
       Sticky Flame      |       |     3 |     4 ||     7
       Conjure Flame     |       |       |     2 ||     2
       Fireball          |       |       |     2 ||     2
  Use: Scroll            |       |     2 |     5 ||     7
       Potion            |       |     1 |       ||     1
  Eat: Chunk             |     1 |     6 |     5 ||    12
Armor: Robe              |     4 |     2 |       ||     6
Dodge: Dodged            |    20 |    14 |    23 ||    57

Table legend:
 A = Spawn XP
 B = Non-spawn XP
 C = Spawn XP percentage of total XP
 D = Spawn monster count
 E = Non-spawn monster count
 F = Spawn count percentage of total count
 G = Total turns spent on level
                    A         B        C        D         E        F      G
               +---------+---------+-------+---------+---------+-------+---------
         Total |       0 |    1486 |   0.0 |       0 |     114 |   0.0 |  4762
               +---------+---------+-------+---------+---------+-------+---------
           D:1 |       0 |      37 |   0.0 |       0 |      22 |   0.0 |   894
           D:2 |       0 |     157 |   0.0 |       0 |      17 |   0.0 |   702
           D:3 |       0 |     220 |   0.0 |       0 |      27 |   0.0 |   903
           D:4 |       0 |     448 |   0.0 |       0 |      25 |   0.0 |  1482
           D:5 |       0 |     603 |   0.0 |       0 |      18 |   0.0 |   741
           D:6 |       0 |      21 |   0.0 |       0 |       5 |   0.0 |    40
               +---------+---------+-------+---------+---------+-------+---------
